 Dungeon Crawl Stone Soup version 0.27.1-33-g824d729ab1 (webtiles) character file.

Game seed: 1102758300604751055

352 Fetmaboll the Stinger (level 6, -1/43 HPs)
             Began as a Demonspawn Venom Mage on Dec 1, 2021.
             Slain by an ogre (8 damage)
             ... on level 4 of the Dungeon.
             The game lasted 00:18:43 (4554 turns).

Fetmaboll the Stinger (Demonspawn Venom Mage)       Turns: 4554, Time: 00:18:44

Health: -1/43      AC: 12    Str:  6 (9)  XL:     6   Next: 35%
Magic:  9/9        EV:  1    Int: 22 (23) God:
Gold:   105        SH:  0    Dex: 12 (14) Spells: 9/10 levels left

rFire    + . .     SeeInvis .   g - +4 mace
rCold    . . .     Faith    .   (no shield)
rNeg     . . .     Spirit   .   i - +4 chain mail {rF+}
rPois    .         Reflect  .   (no helmet)
rElec    .         Harm     .   (no cloak)
rCorr    .         Rampage  .   (no gloves)
Will     .....                  (no boots)
Stlth    ..........             (no amulet)
HPRegen  0.14/turn              l - +6 ring of intelligence
MPRegen  0.11/turn              (no ring)

@: no status effects
A: talons 2
a: no special abilities


You were on level 4 of the Dungeon.
You visited 1 branch of the dungeon, and saw 4 of its levels.

You collected 105 gold pieces.

Inventory:

Hand Weapons
 g - a +4 mace (weapon)
Armour
 a - a +0 robe
 i - a +4 chain mail of fire resistance (worn)
Jewellery
 l - a +6 ring of intelligence (left hand)
Wands
 m - a wand of flame (23)
Scrolls
 b - a scroll of fear {unknown}
 c - a scroll of enchant armour {unknown}
 d - a scroll of summoning {unknown}
 h - 5 scrolls of identify {unknown}
 p - 2 scrolls of teleportation {unknown}
Potions
 e - a potion of haste {unknown}
 f - a potion of degeneration
 j - a potion of lignification {unknown}
 n - a potion of curing {unknown}
 o - a potion of cancellation {unknown}
 q - a potion of berserk rage {unknown}


   Skills:
 + Level 1.4 Fighting
 + Level 2.4 Maces & Flails
 * Level 2.2 Armour
 + Level 2.2 Dodging
 - Level 2.2 Stealth
 + Level 2.6 Spellcasting
 - Level 0.8 Transmutations
 * Level 4.7 Poison Magic


You had 9 spell levels left.
You knew the following spells:

 Your Spells              Type           Power      Damage    Failure   Level
a - Sting                 Tmut/Pois      60%        1d6       100%        1

Your spell library contained the following spells:

 Spells                   Type           Power      Damage    Failure   Level
 Poisonous Vapours        Pois/Air       26%        N/A       100%        2
 Mephitic Cloud           Conj/Pois/Air  9%         N/A       100%        3
 Olgreb's Toxic Radiance  Pois           23%        N/A       100%        4


Dungeon Overview and Level Annotations

Branches:
Dungeon (4/15)
 Temple: D:4-7

Altars:

Shops:
D:2 (   D:3 (


Innate Abilities, Weirdness & Mutations

You have razor-sharp toenails.


Message History

The worm bites you.
You hit the worm.
The worm is almost dead.
The worm bites you but does no damage.
You barely miss the worm.
The worm is almost dead.
You sock the worm!
You kill the worm!
You start resting.
HP restored.
You now have 105 gold pieces (gained 16).
No target in view!
A scorpion and an ogre come into view.
Found 16 stones.
The ogre shouts!
Found an inky potion.
The scorpion stings you but does no damage.
You hit the scorpion.
The scorpion is moderately wounded.
The scorpion stings you but does no damage. x2
The ogre hits you with a +0 giant spiked club!
You closely miss the scorpion.
The scorpion is lightly wounded.
The scorpion stings you but does no damage.
You hit the scorpion.
The scorpion is moderately wounded.
The ogre hits you with a +0 giant spiked club.
The scorpion stings you but does no damage.
The scorpion stings you!
You are too injured to fight recklessly!
You are too injured to fight recklessly!
You are too injured to fight recklessly!
You are too injured to fight recklessly!
You are too injured to fight recklessly!
You are too injured to fight recklessly!
The ogre hits you with a +0 giant spiked club!
* * * LOW HITPOINT WARNING * * *
The scorpion stings you but does no damage.
The ogre hits you with a +0 giant spiked club!
You die...

#. . ### ##..#
..####.####...#
.............
..........###
##..O...##
#..@#...(#
#...#....#
#...##...#
##...####..
###...)#..!.
##.#.# ...
#...## ..
#.)..###..
#.........


You could see an ogre.

Vanquished Creatures
  A kobold brigand (D:3)
  A water moccasin skeleton (D:4)
  2 hounds
  A hound skeleton (D:4)
  5 adders
  3 gnolls
  4 worms
  A dart slug (D:3)
  6 orcs (D:3)
  8 ball pythons
  6 bats
  5 endoplasms
  A giant cockroach (D:2)
  5 hobgoblins
  8 jackals
  9 kobolds
  2 quokkas
  8 frilled lizards
  4 goblins
  3 rats (D:1)
83 creatures vanquished.

Notes
Turn   | Place    | Note
-------+----------+-------------------------------------------
     0 | D:1      | Fetmaboll the Demonspawn Venom Mage began the quest for the
                  | Orb.
     0 | D:1      | Reached XP level 1. HP: 13/13 MP: 3/3
   176 | D:1      | Gained mutation: You have sharp toenails. [demonic
                  | ancestry]
   176 | D:1      | Reached XP level 2. HP: 19/19 MP: 0/5
   952 | D:1      | Reached XP level 3. HP: 19/24 MP: 6/6
  1094 | D:1      | Reached skill level 4 in Poison Magic
  1204 | D:2      | Found a faded altar of an unknown god.
  1336 | D:2      | Reached XP level 4. HP: 14/31 MP: 3/7
  1611 | D:2      | Reached skill level 1 in Maces & Flails
  1690 | D:2      | Found Joguplix's Weapon Emporium.
  2258 | D:4      | Reached skill level 1 in Fighting
  2258 | D:4      | Reached XP level 5. HP: 16/37 MP: 6/8
  2474 | D:3      | Reached skill level 1 in Armour
  2822 | D:3      | HP: 1/37 [kobold brigand (4)]
  2825 | D:3      | Gained mutation: You have razor-sharp toenails. [demonic
                  | ancestry]
  2825 | D:3      | Reached XP level 6. HP: 1/43 MP: 9/9
  3430 | D:3      | Found Utweu's Weapon Boutique.
  4554 | D:4      | Slain by an ogre

Illustrated notes

Levels and vault maps discovered:
D:1:      lightli_arrival_flooded_house, layout_basic
D:2:      layout_rooms, serial_shops, shop, basic_ecumenical_altar,
          minmay_fractal_squares_5
D:3:      minmay_octagon_keep, layout_basic, serial_shops, nicolae_shop_stone
D:4:      layout_cave_pods, st_stairs_2, minmay_bent

Skill      XL: |  1  2  3  4  5  6 |
---------------+-------------------+-----
Poison Magic   | 4 |  4.7
Stealth        | 2 |  2.2
Dodging        | 2 |  2.2
Maces & Flails | 1 2 |  2.4
Fighting       | 1 |  1.4
Armour         | 1 2 |  2.2
Spellcasting   | |  2.6
Transmutations | |  0.8

Action                   |  1- 3 |  4- 6 || total
-------------------------+-------+-------++-------
Melee: Unarmed           |     9 |       ||     9
       Mace              |    23 |   146 ||   169
       Kick              |     4 |    20 ||    24
 Cast: Sting             |    31 |    14 ||    45
  Use: Potion            |       |     2 ||     2
Armor: Robe              |     9 |       ||     9
       Ring mail         |       |    73 ||    73
       Chain mail        |       |    11 ||    11
Dodge: Dodged            |    45 |    81 ||   126
